 Dungeon Crawl Stone Soup version 0.31-a0-466-g98c9adc2b6 (webtiles) character file.

Game seed: 17136437480846993125

74 Ethylacetat the Insei (level 4, -2/24 HPs)
             Began as a Vine Stalker Monk on Aug 4, 2023.
             Slain by an ogre
             ... wielding a +0 giant club
              (14 damage)
             ... on level 3 of the Dungeon.
             The game lasted 00:03:21 (1362 turns).

Ethylacetat the Insei (Vine Stalker Monk)           Turns: 1362, Time: 00:03:22

Health: -2/24      AC:  8    Str: 13    XL:     4   Next: 30%
Magic:  0/7        EV:  7    Int: 10    God:
Gold:   148        SH:  0    Dex: 19    Spells: 6/6 levels left

rFire   . .          .
                       - Unarmed
rCold   . . .        c - orb {light}
rNeg    . . .        d - +0 chain mail
rPois   .            (helmet currently unavailable)
rElec   .            g - melded +0 cloak
rCorr   .            (gloves currently unavailable)
SInv    .            (boots currently unavailable)
Will    .....        (no amulet) Stlth
                     (no ring)
HPRegen 1.04/turn    (no ring)
MPRegen 0.10/turn

%: guardian spirit
@: beast-form, glowing
A: beast (slay +1), fangs 2, regeneration 1, magic shield, antimagic bite, no
potion heal 2
a: Begin Untransformation


You were on level 3 of the Dungeon.
You were a hulking beast.
You visited 1 branch of the dungeon, and saw 3 of its levels.

You collected 148 gold pieces.

Inventory:

Armour
 c - an orb of light (worn)
 d - a +0 chain mail (worn)
 g - a +0 cloak (melded)
 l - a +0 pair of gloves
Talismans
 j - a beast talisman (active)
Scrolls
 a - a scroll of fear {unknown}
 e - 2 scrolls of amnesia {unknown}
 f - 2 scrolls of vulnerability {unknown}
 k - 2 scrolls of poison {unknown}
 m - a scroll of silence {unknown}
 n - a scroll of identify {unknown}
 p - a scroll of noise {unknown}
 q - 5 scrolls of teleportation {unknown}
Potions
 b - a potion of ambrosia
 h - 2 potions of curing {unknown}
 i - a potion of attraction {unknown}
 o - a potion of lignification {unknown}


   Skills:
 + Level 3.2 Fighting
 - Level 2.4 Dodging
 + Level 3.5 Unarmed Combat
 + Level 1.5 Spellcasting
 * Level 1.5 Shapeshifting


You had 6 spell levels left.
You didn't know any spells.
Your spell library contained the following spells:

 Spells                   Type           Power      Damage    Failure   Level
 Sublimation of Blood     Necr           0%         N/A       100%        2
 Ozocubu's Armour         Ice            0%         N/A       100%        3
 Petrify                  Tmut/Erth      0%         N/A       100%        4
 Irradiate                Conj/Tmut      0%         3d11      100%        5
 Ozocubu's Refrigeration  Ice            0%         4d7       100%        7


Dungeon Overview and Level Annotations

Branches:
Dungeon (3/15)

Altars:
Hepliaklqana

Shops:
D:2 [


Innate Abilities, Weirdness & Mutations

You are a hulking beast.
Your limbs bulge with bestial killing power. (Slay +1)
You have extremely sharp teeth.
Your natural rate of healing is unusually fast.
When hurt, damage is shared between your health and your magic reserves.
Your bite disrupts and absorbs the magic of your enemies.
Potions cannot restore your health.


Message History

The kobold attacks as you move away! The kobold hits you but does no damage.
The kobold attacks as you move away!
The kobold hits you with a +0 short sword.
The kobold throws a stone.
The stone hits you. The endoplasm attacks as you move away!
The endoplasm hits you but does no damage.
You hit the endoplasm.
The endoplasm is moderately wounded.
You hit the endoplasm but do no damage.
The endoplasm is moderately wounded.
The endoplasm barely misses you. The ogre attacks as you move away!
The ogre closely misses you.
You hit the kobold but do no damage. You bite the kobold, but do no damage.
The endoplasm hits you but does no damage.
The kobold closely misses you.
You hit the kobold.
You kill the kobold!
The endoplasm freezes you.
You are frozen.
Unknown command.
You hit the ogre.
The ogre is lightly wounded.
The endoplasm hits you but does no damage.
The ogre hits you with a +0 giant club!
Ouch! That really hurt!
Unknown command.
You hit the ogre.
The ogre is lightly wounded.
The endoplasm hits you but does no damage.
You barely miss the ogre.
The ogre is lightly wounded.
The endoplasm hits you but does no damage.
The ogre closely misses you.
You hit the ogre but do no damage. You bite the ogre. You drain its power.
You feel invigorated.
The ogre is lightly wounded.
The endoplasm barely misses you.
The ogre hits you with a +0 giant club!!
Ouch! That really hurt!
You die...

#..........#
#..........#
#..........#
#..........#
#..........# ##
###........# ..#
#.....!....#####
...##..........O...#
..............wJh..#
.........).......###
....##...........#
....##..........##
...............##
..............##
...#....####.##
......#.# #..
......#.#


You could see an ogre, a worm and an endoplasm.

Vanquished Creatures
  2 adders
  2 dart slugs (D:2)
  4 orcs (D:3)
  4 ball pythons
  5 endoplasms
  2 giant cockroaches
  5 goblins
  A hobgoblin (D:2)
  3 kobolds
  3 quokkas
  7 bats
  3 frilled lizards
  3 rats (D:2)
44 creatures vanquished.

Notes
Turn   | Place    | Note
-------+----------+-------------------------------------------
     0 | D:1      | Ethylacetat the Vine Stalker Monk began the quest for the
                  | Orb.
     0 | D:1      | Reached XP level 1. HP: 11/11 MP: 2/2
   575 | D:1      | Reached XP level 2. HP: 16/16 MP: 2/4
   634 | D:2      | Reached skill level 1 in Spellcasting
   635 | D:2      | Reached XP level 3. HP: 19/20 MP: 5/5
   784 | D:2      | Reached skill level 1 in Shapeshifting
   892 | D:2      | Found Jiocix's Antique Armour Shop.
  1114 | D:3      | Gained mutation: Your natural rate of healing is unusually
                  | fast. [Vine Stalker growth]
  1114 | D:3      | Reached XP level 4. HP: 24/24 MP: 5/7
  1279 | D:3      | Found a hazy altar of Hepliaklqana.
  1301 | D:3      | Noticed an ogre
  1362 | D:3      | Slain by an ogre

Illustrated notes

Levels and vault maps discovered:
D:1:      minmay_arrival_four_loops, layout_basic
D:2:      layout_basic, serial_shops, shop
D:3:      layout_rooms, mainiacjoe_overflow_six_doors_small, due_unseen_surprise

Skill      XL: |  1  2  3 |
---------------+----------+-----
Fighting       | 3 |  3.2
Spellcasting   | 1 |  1.5
Shapeshifting  | 1 |  1.5
Dodging        | |  2.4
Unarmed Combat | |  3.5

Action                     |  1- 3 |  4- 6 || total
---------------------------+-------+-------++-------
  Melee: Unarmed           |    71 |    31 ||   102
         Bite              |    22 |     7 ||    29
 Armour: Robe              |    11 |       ||    11
         Chain mail        |    34 |    13 ||    47
  Dodge: Dodged            |    33 |    17 ||    50
   Form: Beast             |     1 |       ||     1

Table legend: (Time is in decaauts)
 A = Elapsed time spent in this place.
 B = Non-inter-level travel time spent in this place.
 C = Inter-level travel time spent in this place.
 D = Time resting spent in this place.
 E = Time spent auto-exploring this place.
 F = Levels seen in this place.
 G = Mean time per level.
                   A        B        C        D        E       F      G
               +--------+--------+--------+--------+--------+-----+--------+
         Total |   1355 |   1331 |     24 |      0 |    988 |   3 |  451.7 |
       Dungeon |   1355 |   1331 |     24 |      0 |    988 |   3 |  451.7 |
               +--------+--------+--------+--------+--------+-----+--------+

Top non-repeatable levels by time:
     D:1: 619 daAuts
     D:2: 394 daAuts
     D:3: 341 daAuts
